 Dungeon Crawl Stone Soup version 0.31-a0-202-g547052bce9 (webtiles) character file.

Game seed: 11995919438844730239

673 qw the Skirmisher (level 7, -1/40 HPs)
             Began as a Deep Elf Hunter on June 26, 2023.
             Slain by a gnoll
             ... wielding a +0 flail
             ... led by a gnoll bouda
              (8 damage)
             ... on level 6 of the Dungeon.
             The game lasted 00:01:45 (4270 turns).

qw the Skirmisher (Deep Elf Hunter)                 Turns: 4270, Time: 00:01:45

Health: -1/40      AC: 10    Str: 10    XL:     7   Next: 33%
Magic:  9/9        EV: 11    Int: 14    God:
Gold:   195        SH:  0    Dex: 18    Spells: 6/6 levels left

rFire   + . .        Y - +0 shortbow
rCold   . . .        (shield currently unavailable)
rNeg    . . .        e - +0 ring mail
rPois   .            o - +0 helmet
rElec   .            c - +0 cloak
rCorr   .            h - +2 pair of gloves
SInv    .            (no boots)
Will    .....        (no amulet)
Stlth   +            m - ring of protection from fire
HPRegen 0.26/turn    (no ring)
MPRegen 0.11/turn

%: no passive effects
@: no status effects
A: no striking features
a: no special abilities


You were on level 6 of the Dungeon.
You visited 1 branch of the dungeon, and saw 6 of its levels.

You collected 195 gold pieces.


   Skills:
 - Level 2.0 Fighting
 + Level 11.1 Ranged Weapons
 - Level 1.3 Armour
 - Level 3.0 Dodging
 - Level 1.2 Stealth


You had 6 spell levels left.
You didn't know any spells.
Your spell library was empty.

Inventory:

Hand Weapons
 Y - a +0 shortbow (weapon)
Armour
 c - a +0 cloak (worn)
 e - a +0 ring mail (worn)
 h - a +2 pair of gloves (worn)
 o - a +0 helmet (worn)
Jewellery
 m - a ring of protection from fire (left hand)
Wands
 l - a wand of digging (7)
Scrolls
 f - a scroll of identify
 n - a scroll of teleportation
 p - a scroll of noise {unknown}
Potions
 a - a potion of enlightenment
 b - a potion of brilliance {unknown}
 d - a potion of cancellation
 g - a potion of heal wounds {unknown}
 i - 2 potions of curing
 j - a potion of lignification {unknown}
 k - a potion of invisibility {unknown}
 q - a potion of berserk rage {unknown}

Dungeon Overview and Level Annotations

Branches:
Dungeon (6/15)
 Temple: D:4-7

Altars:
Cheibriados
Elyvilon
Fedhas
Gozag
Vehumet
Wu Jian

Annotations:
D:3 1 runed translucent door, Crazy Yiuf


Message History

The gnoll hits you but does no damage.
You shoot an arrow. The arrow hits the gnoll.
You kill the gnoll!
You shoot an arrow. The arrow completely misses the gnoll.
The gnoll barely misses you.
A gnoll comes into view. It is wielding a +0 halberd.
You shoot an arrow.
The arrow hits the gnoll but does no damage.
The gnoll barely misses you. The gnoll hits you with a +0 flail.
You shoot an arrow. The arrow barely misses the gnoll.
The gnoll closely misses you. The gnoll hits you with a +0 flail.
You shoot an arrow.
The arrow completely misses the gnoll bouda.
The gnoll hits you with a +0 flail. x2
The gnoll bouda hits you with a +0 club.
You shoot an arrow. The arrow hits the gnoll bouda!
The gnoll bouda is moderately wounded.
The gnoll hits you with a +0 flail. The gnoll hits you but does no damage.
The gnoll bouda hits you with a +0 club.
You shoot an arrow.
The arrow barely misses the gnoll bouda.
The gnoll barely misses you. The gnoll bouda closely misses you.
The gnoll hits you but does no damage. The gnoll misses you.
You shoot an arrow. The arrow hits the gnoll bouda.
The gnoll bouda is severely wounded.
The gnoll hits you but does no damage. x2
The gnoll bouda hits you but does no damage.
The gnoll misses you.
You shoot an arrow.
The arrow hits the gnoll bouda but does no damage.
The gnoll bouda is severely wounded.
The gnoll misses you. The gnoll hits you but does no damage.
The gnoll bouda mumbles some strange prayers to its god.
The gnoll bouda is healed somewhat.
The gnoll misses you.
You shoot an arrow.
The arrow closely misses the gnoll bouda.
The gnoll barely misses you.
The gnoll hits you from afar with a +0 halberd.
The gnoll bouda barely misses you. The gnoll hits you with a +0 flail!
You die...

### .#
... .# #
#.. ..
#.##.# .#
#..... .#
#.##.##.#
#....g..#
#...g@.#
#.#.##g#
# #).#g#
##.#.#
.#.# ...#
.... g...
.g#.


You could see a gnoll bouda and 3 gnolls.

Vanquished Creatures
  An ogre (D:4)
  4 hounds
  3 jellies
  An orc priest (D:3)
  A sleepcap (D:5)
  Jessica (D:3)
  2 iguanas
  2 orc wizards
  A gnoll (D:6)
  8 adders
  A white imp (D:5)
  2 ufetubi (D:4)
  A worm (D:3)
  2 dart slugs (D:1)
  14 orcs
  9 endoplasms
  4 giant cockroaches
  5 goblins
  10 hobgoblins
  5 jackals
  6 kobolds
  2 quokkas
  3 ball pythons
  3 bats
  2 frilled lizards
  4 rats
97 creatures vanquished.

Notes
Turn   | Place    | Note
-------+----------+-------------------------------------------
     0 | D:1      | qw the Deep Elf Hunter began the quest for the Orb.
     0 | D:1      | Reached XP level 1. HP: 12/12 MP: 3/3
     0 | D:1      | 0 ||| qw: Version: 0.3-a-22-g0ed2b0b
     0 | D:1      | 0 ||| qw: Game counter: 6307
     0 | D:1      | 0 ||| qw: Melee chars always use a shield: true
     0 | D:1      | 0 ||| qw: God list: Okawaru
     0 | D:1      | 0 ||| qw: Allow faded altars: false
     0 | D:1      | 0 ||| qw: Do Orc after clearing Dungeon:15 true
     0 | D:1      | 0 ||| qw: Do second Lair branch before Depths: true
     0 | D:1      | 0 ||| qw: Lair rune preference: random
     0 | D:1      | 0 ||| qw: Goals: Normal
     0 | D:1      | 0 ||| PLANNING D:1-11
    65 | D:1      | Reached XP level 2. HP: 16/16 MP: 4/4
    67 | D:1      | Reached skill level 6 in Ranged Weapons
   613 | D:1      | 613 ||| UPGRADING to +2 pair of gloves.
   618 | D:1      | 618 ||| READING scroll labelled VUOTWI WEHYBA.
   619 | D:1      | 619 ||| READING 2 scrolls labelled ILLUSTAFABB.
   620 | D:1      | 620 ||| DROPPING scroll of butterflies.
   621 | D:1      | 621 ||| DROPPING scroll of blinking.
   687 | D:2      | Reached XP level 3. HP: 20/20 MP: 5/5
   697 | D:2      | Reached skill level 7 in Ranged Weapons
  1301 | D:3      | Reached XP level 4. HP: 21/25 MP: 6/6
  1316 | D:3      | Reached skill level 8 in Ranged Weapons
  1692 | D:3      | Noticed Jessica
  1700 | D:3      | Killed Jessica
  1701 | D:3      | Reached XP level 5. HP: 27/29 MP: 7/7
  1884 | D:3      | Found a runed translucent door.
  1885 | D:3      | Noticed Crazy Yiuf
  2084 | D:3      | 2084 ||| UPGRADING to +0 ring mail.
  2094 | D:3      | 2094 ||| DROPPING +0 leather armour.
  2095 | D:3      | 2095 ||| READING scroll labelled YPSUUZ QUVIAPS.
  2096 | D:3      | 2096 ||| DRINKING 2 bubbling emerald potions.
  2098 | D:3      | 2098 ||| Stepping ~*~*~tactically~*~*~ (cloud).
  2213 | D:4      | Found an opulent altar of Gozag.
  2215 | D:4      | Found a radiant altar of Vehumet.
  2301 | D:4      | Reached skill level 9 in Ranged Weapons
  2544 | D:4      | Reached XP level 6. HP: 22/35 MP: 8/8
  2735 | D:4      | Found a blossoming altar of Fedhas.
  3001 | D:4      | Found an ornate altar of the Wu Jian Council.
  3011 | D:4      | Reached skill level 10 in Ranged Weapons
  3025 | D:4      | 3025 ||| UPGRADING to +0 cloak.
  3030 | D:4      | 3030 ||| UPGRADING to +0 helmet.
  3035 | D:4      | 3035 ||| UPGRADING to ring of protection from fire.
  3036 | D:4      | 3036 ||| READING scroll labelled JOJIMO PYPNOPY.
  3037 | D:4      | 3037 ||| DRINKING 3 bubbling purple potions.
  3038 | D:4      | 3038 ||| READING 2 scrolls of identify.
  3038 | D:4      | 3038 ||| IDENTIFYING brown potion
  3091 | D:5      | Entered Level 5 of the Dungeon
  3237 | D:5      | Reached skill level 1 in Armour
  3392 | D:5      | Reached skill level 3 in Dodging
  3726 | D:5      | Reached XP level 7. HP: 37/40 MP: 9/9
  3772 | D:5      | 3772 ||| Stepping ~*~*~tactically~*~*~ (outnumbered).
  3774 | D:5      | 3774 ||| Stepping ~*~*~tactically~*~*~ (outnumbered).
  3775 | D:5      | 3775 ||| Stepping ~*~*~tactically~*~*~ (outnumbered).
  3875 | D:5      | 3875 ||| Invisibility monster not found???
  4027 | D:5      | Found a snail-covered altar of Cheibriados.
  4029 | D:5      | 4029 ||| READING scroll labelled GUVIBB YDDATZ.
  4030 | D:5      | 4030 ||| READING scroll labelled NUAWKU FUAPLAICW.
  4112 | D:6      | Found a white marble altar of Elyvilon.
  4127 | D:6      | HP: 10/40 [orc priest/+0 mace (5)]
  4128 | D:6      | 4128 ||| READING 2 scrolls of teleportation.
  4247 | D:6      | Reached skill level 11 in Ranged Weapons
  4256 | D:6      | 4256 ||| Stepping ~*~*~tactically~*~*~ (outnumbered).
  4270 | D:6      | HP: 7/40 [gnoll/+0 halberd[a gnoll bouda] (6)]
  4270 | D:6      | Slain by a gnoll

Levels and vault maps discovered:
D:1:      dpeg_arrival_stonehenge_8_columns, layout_basic,
          shapermc_ecumenical_altar_petra, minivault_11, dk_noncrumbling_4,
          st_stairs_13
D:2:      layout_loops_ring, st_stairs_5
D:3:      layout_basic, uniq_jessica, uniq_crazy_yiuf_cottage
D:4:      layout_basic, fedhas_ov_isle_minmay,
          nicolae_wu_jian_immortal_techniques,
          mainiacjoe_overflow_catwalk_spiral
D:5:      layout_basic, lemuel_coloured_pillars_altar
D:6:      layout_loops_cross, lemuel_tele_altar, uniq_eustachio, uniq_grinder

Skill      XL: |  1  2  3  4  5  6  7 |
---------------+----------------------+-----
Ranged Weapons | 6 7 8 9 10 11 | 11.1
Fighting       | 2 |  2.0
Armour         | 1 |  1.3
Dodging        | 3 |  3.0
Stealth        | |  1.2

Action                     |  1- 3 |  4- 6 |  7- 9 || total
---------------------------+-------+-------+-------++-------
   Fire: Shortbow          |   114 |   197 |   169 ||   480
    Use: Scroll            |     2 |     3 |     3 ||     8
         Potion            |       |     2 |       ||     2
 Armour: Leather armour    |    15 |    17 |       ||    32
         Ring mail         |       |    37 |    27 ||    64
  Dodge: Dodged            |    36 |    55 |    41 ||   132

Table legend:
 A = Non-vault XP
 B = Vault XP
 C = Vault XP percentage of total XP
 D = Non-vault monster count
 E = Vault monster count
 F = Vault count percentage of total count
                 A         B        C        D         E       F
            +---------+---------+-------+---------+---------+-------
      Total |     917 |      45 |   4.7 |      93 |       4 |   4.1
            +---------+---------+-------+---------+---------+-------
        D:1 |      33 |       4 |  10.8 |      17 |       1 |   5.6
        D:2 |      41 |       4 |   8.9 |      11 |       2 |  15.4
        D:3 |     115 |      37 |  24.3 |      21 |       1 |   4.5
        D:4 |     327 |       0 |   0.0 |      29 |       0 |   0.0
        D:5 |     345 |       0 |   0.0 |      13 |       0 |   0.0
        D:6 |      56 |       0 |   0.0 |       2 |       0 |   0.0
            +---------+---------+-------+---------+---------+-------
